 Dungeon Crawl Stone Soup version 0.22-a0-848-ge9e22a0 (webtiles) character file.

41379 Amnesiac the Earth Mage (level 13, -4/88 HPs)
             Began as a Mummy Earth Elementalist on July 26, 2018.
             Was a High Priest of Vehumet.
             Shot with a bolt by an orc warlord (41 damage)
             ... on level 1 of the Orcish Mines.
             The game lasted 00:48:49 (16702 turns).

Amnesiac the Earth Mage (Mummy Earth Elementalist) Turns: 16702, Time: 00:48:50

Health: -4/88      AC:  7    Str: 16    XL:     13   Next: 79%
Magic:  29/41      EV: 13    Int: 19    God:    Vehumet [*****.]
Gold:   984        SH:  8    Dex: 12    Spells: 27/42 levels left

rFire    . . .     SeeInvis +   a - +4 short sword (drain)
rCold    + . .     Gourm    .   g - +3 warlock's mirror {reflect}
rNeg     + + +     Faith    .   x - +2 robe {MR+}
rPois    ∞         Spirit   .   H - +0 helmet (curse)
rElec    +         Reflect  +   l - scarf {cloud immunity}
rCorr    .         Harm     .   (no gloves)
MR       ++...                  v - +1 pair of boots "Xerchat" {rElec Str+4}
Stlth    ++........             n - amulet of regeneration
HPRegen  0.64/turn              e - ring of protection from fire
MPRegen  0.27/turn              B - ring "Murph" {MP+9 Slay+3 SInv}

@: no status effects
A: no food or potions, fire vulnerability, cold resistance 1, negative energy
resistance 3, torment resistance, unbreathing, in touch with death 1
a: Renounce Religion


You were on level 1 of the Orcish Mines.
You worshipped Vehumet.
Vehumet was extremely pleased with you.
You were not hungry.

You visited 3 branches of the dungeon, and saw 14 of its levels.
You also visited: Ice Cave.

You collected 1816 gold pieces.
You spent 832 gold pieces at shops.

Inventory:

Hand Weapons
 a - a +4 short sword of draining (weapon)
 r - a +0 dagger of distortion
 F - a +0 scimitar of protection
Missiles
 f - 222 stones (quivered)
Armour
 g - the +3 warlock's mirror (worn) {reflect}
   (You bought it in a shop on level 1 of the Orcish Mines)
 l - a scarf of cloud immunity (worn)
 v - the +1 pair of boots "Xerchat" (worn) {rElec Str+4}
   (You found it on level 6 of the Dungeon)

   It affects your strength (+4).
   It insulates you from electricity.
 x - a +2 robe of magic resistance (worn)
 H - a cursed +0 helmet (worn)
Magical Staves
 b - an uncursed staff of wizardry
 s - an uncursed staff of conjuration
Jewellery
 e - a ring of protection from fire (left hand)
 n - an amulet of regeneration (around neck)
 B - the ring "Murph" (right hand) {MP+9 Slay+3 SInv}
   (You bought it in a shop on level 9 of the Dungeon)

   [ring of magical power]

   It affects your accuracy and damage with ranged weapons and melee attacks
   (+3).
   It affects your magic capacity (+9).
   It lets you see invisible.
Wands
 j - a wand of flame (65)
 q - a wand of polymorph (35)
 z - a wand of digging (18)
Scrolls
 c - 5 scrolls of teleportation {!r}
 d - 3 scrolls of identify {!r}
 h - 5 scrolls of remove curse {!r}
 i - a scroll of magic mapping {!r}
 m - 3 scrolls of amnesia {!r}
 A - a scroll of vulnerability {!r}
 C - a scroll of enchant armour {!r}
 G - a scroll of torment {!r}
Potions
 D - 3 potions of mutation {!q}


   Skills:
 - Level 4.0 Fighting
 - Level 4.0 Dodging
 - Level 1.5 Stealth
 - Level 4.0 Shields
 + Level 15.0 Spellcasting
 - Level 0.7 Transmutations
 * Level 15.0 Earth Magic
 + Level 3.2 Evocations


You had 27 spell levels left.
You knew the following spells:

 Your Spells              Type           Power        Failure   Level  Hunger
a - Sandblast             Erth           ######       0%          1    N/A
b - Passwall              Tmut/Erth      #####...     1%          2    N/A
c - Stone Arrow           Conj/Erth      #####.       1%          3    N/A
d - Lee's Rapid Deconstr  Erth           ######....   1%          5    N/A
e - Petrify               Tmut/Erth      #####...     1%          4    N/A

Your spell library contained the following spells:

 Spells                   Type           Power        Failure   Level  Hunger
 Confuse                  Hex            ##......     13%         3    N/A
 Tukima's Dance           Hex            ##......     13%         3    N/A
 Ensorcelled Hibernation  Hex/Ice        ##....       7%          2    N/A
 Corona                   Hex            ##.....      4%          1    N/A
 Dazzling Spray           Conj/Hex       ##....       3%          3    N/A

Dungeon Overview and Level Annotations

Branches:
Dungeon (11/15)            Temple (1/1) D:7            Lair (0/6) D:11
    Orc (2/2) D:10            Elf (0/3) Orc:2

Altars:
Cheibriados
Gozag
Hepliaklqana
Nemelex Xobeh
Okawaru
Ru
Trog
Vehumet
Xom
Yredelemnul
Zin
The Shining One
Beogh

Shops:
D:9 *   Orc:1 [:   Orc:2 (![:

Annotations:
Orc:2 1 runed door, Kuinu's ghost, journeyman DrFE


Innate Abilities, Weirdness & Mutations

You do not eat or drink.
Your flesh is vulnerable to fire.
You are immune to poison.
Your flesh is cold resistant. (rC+)
You are immune to negative energy. (rN+++)
You are immune to unholy pain and torment.
You can survive without breathing.
You are in touch with the powers of death.


Message History

You kill the orc priest!
Vehumet accepts your kill.
You feel your power returning.
You hear a shout! x2
Unknown command.
You start resting.
The orc is too close now for your liking.
Casting: Lee's Rapid Deconstruction (safe; 1% risk of failure)
Confirm with . or Enter, or press ? or * to list all spells.
Aiming: Lee's Rapid Deconstruction (safe; 1% risk of failure)
Press: ? - help, Dir - move target cursor A rock wall.
The wall shatters!
The blast of rock fragments hits the orc.
You kill the orc!
Vehumet accepts your kill.
You feel your power returning.
Unknown command.
You start resting.
The orc warlord is too close now for your liking.
Casting: Lee's Rapid Deconstruction (safe; 1% risk of failure)
Confirm with . or Enter, or press ? or * to list all spells.
Aiming: Petrify (safe; 1% risk of failure)
Press: ? - help, Shift-Dir - straight line, f - orc warlord
Aim: an orc warlord, wielding a battleaxe and wearing a plate armour (chance to defeat MR: 34%)
The orc warlord easily resists.
The orc warlord unwields an uncursed battleaxe.
The orc warlord wields an arbalest.
The orc warlord shoots a bolt.
The bolt hits you!!
Unknown command.
Okay, then.
Okay, then.
Put on which piece of jewellery? (? for menu, Esc to quit)
Okay, then.
Really read
d - 3 scrolls of identify {!r}?
Okay, then.
Okay, then.
Casting: Petrify (safe; 1% risk of failure)
Confirm with . or Enter, or press ? or * to list all spells.
Aiming: Passwall (safe; 1% risk of failure)
Press: ? - help, Dir - move target cursor A rock wall.
Okay, then.
Casting: Passwall (safe; 1% risk of failure)
Confirm with . or Enter, or press ? or * to list all spells.
Aiming: Passwall (safe; 1% risk of failure)
Press: ? - help, Dir - move target cursor A rock wall.
You begin to meditate on the wall.
You continue meditating on the rock.
The orc warlord shoots a bolt.
The bolt hits you!!
* * * LOW HITPOINT WARNING * * *
You continue meditating on the rock. x2
The orc warlord shoots a bolt.
You reflect the bolt off your +3 warlock's mirror {reflect}!
The bolt hits the orc warlord!
You finish merging with the rock.
Casting: Passwall (safe; 1% risk of failure)
Confirm with . or Enter, or press ? or * to list all spells.
Aiming: Petrify (safe; 1% risk of failure)
Press: ? - help, Shift-Dir - straight line, f - orc warlord
Aim: an orc warlord, wielding an arbalest and wearing a plate armour (lightly wounded, chance to defeat MR: 34%)
The orc warlord easily resists.
The orc warlord shoots a bolt.
The bolt hits you!!!
You die...

...### #.........#
.....# ####.....##
.....# ##.......####
.#...####
#...........#
.##...#.##
###.....#.....#*
###......#
#......###.....#
.#.....###
###.....#......#
.......##
###.#o..........##
......#.##
##@..(##......#.##
....####.##
###.....##.....####
...##
##.###.#..)..####...#
#..#
####....##[.)#######
#.## #....###..[.[.##
### #.....#####..[)##
* ##.....#,#.)###)##
** #.....##.,###.>o##
**,
##....#,,,*##....#**,,


You could see an orc warlord.

Vanquished Creatures
  An orc warlord (Orc:1)
  A stone giant (Orc:1)
  An ettin (Orc:2)
  Snorg (Orc:1)
  The ghost of inc the Cruncher, a journeyman FoFi of Cheibriados (Orc:1)
  Erolcha (Orc:1)
  A centaur warrior (D:11)
  6 two-headed ogres
  An orc high priest (Orc:1)
  Nergalle (Orc:1)
  The ghost of Bnni the Cleaver, a novice FoFi of Ru (D:9)
  Pikel (D:5)
  A harpy (shapeshifter) (D:9)
  7 orc knights
  A deep elf mage (D:11)
  An orc sorcerer (Orc:1)
  A cyclops (D:10)
  8 ugly things
  Joseph (D:8)
  Maurice (D:8)
  3 ice statues (IceCv)
  A kobold demonologist (D:11)
  A rime drake (shapeshifter) (D:9)
  The ghost of Protee the Shield-Bearer, an amateur DDFi (D:2)
  8 trolls
  Grinder (D:3)
  A hornet (D:9)
  2 hippogriffs
  A spriggan (D:9)
  Sigmund (D:4)
  A wraith (D:9)
  11 yaks (D:10)
  A hungry ghost (D:11)
  3 neqoxecs (D:9)
  5 wargs
  A soldier ant (D:11)
  Duvessa (D:5)
  An eye of draining (D:10)
  A sky beast (D:11)
  A swamp drake (D:10)
  48 orc warriors
  3 phantoms
  19 ice beasts
  19 ogres
  14 centaurs
  5 bullfrogs
  3 big kobolds
  7 scorpions
  Dowan (D:5)
  A water moccasin skeleton (D:11)
  4 killer bees (D:11)
  6 electric eels (D:10)
  8 wights
  3 howler monkeys
  12 crimson imps
  2 jellies
  2 quasits
  2 bullfrog zombies (D:11)
  A centaur zombie (D:11)
  15 orc priests
  5 hounds
  2 bullfrog skeletons
  11 orc wizards
  3 centaur skeletons
  5 iguanas
  9 worker ants
  A hound zombie (D:7)
  2 hound skeletons
  13 gnolls
  10 adders
  2 oozes
  An adder zombie (D:10)
  A worm (shapeshifter) (D:9)
  3 worms
  3 dart slugs
  5 leopard geckos
  107 orcs
  A ball python (D:2)
  2 giant cockroaches
  7 goblins
  11 hobgoblins
  11 jackals
  24 kobolds
  2 quokkas
  A quokka (shapeshifter) (D:9)
  3 bats
  7 frilled lizards
  A jackal zombie (D:5)
  A quokka skeleton (D:4)
  5 rats
518 creatures vanquished.

Vanquished Creatures (others)
  A scorpion (D:5)
  3 fungi (D:3)
  A plant (D:3)
5 creatures vanquished.

Grand Total: 523 creatures vanquished

Notes
Turn   | Place    | Note
-------+----------+-------------------------------------------
     0 | D:1      | Amnesiac the Mummy Earth Elementalist began the quest for the Orb.
     0 | D:1      | Reached XP level 1. HP: 13/13 MP: 4/4
   181 | D:1      | Reached XP level 2. HP: 3/19 MP: 5/5
   703 | D:3      | Noticed an ogre
   804 | D:3      | Reached XP level 3. HP: 16/24 MP: 7/7
   834 | D:3      | Killed an ogre
   834 | D:3      | Reached XP level 4. HP: 8/30 MP: 3/10
  1042 | D:3      | Found a runed gate.
  1042 | D:3      | Found a runed gate.
  1042 | D:3      | Found a runed gate.
  1042 | D:3      | Noticed a big kobold
  1043 | D:3      | Noticed Protee's ghost (amateur DDFi)
  1043 | D:3      | Noticed a big kobold
  1239 | D:3      | Learned a level 2 spell: Passwall
  1243 | D:3      | Learned a level 3 spell: Stone Arrow
  1248 | D:3      | Learned a level 4 spell: Petrify
  1305 | D:4      | Noticed an ogre
  1305 | D:4      | Noticed an ogre
  1318 | D:4      | Noticed Sigmund
  1330 | D:4      | Killed Sigmund
  1330 | D:4      | Reached XP level 5. HP: 35/35 MP: 6/12
  1330 | D:4      | Reached XP level 6. HP: 41/41 MP: 6/13
  1376 | D:4      | You fall through a shaft for 3 floors!
  1387 | D:7      | Reached skill level 5 in Spellcasting
  1422 | D:7      | Reached skill level 5 in Earth Magic
  1476 | D:7      | Learned a level 5 spell: Lee's Rapid Deconstruction
  1737 | D:7      | Found a staircase to the Ecumenical Temple.
  1746 | D:7      | Reached XP level 7. HP: 46/46 MP: 8/15
  1752 | Temple   | Entered the Ecumenical Temple
  1808 | Temple   | Became a worshipper of Vehumet
  1891 | D:5      | Entered Level 5 of the Dungeon
  2170 | D:4      | Reached XP level 8. HP: 6/52 MP: 9/18
  2586 | D:2      | Reached * piety under Vehumet
  2586 | D:2      | Offered knowledge of Flame Tongue by Vehumet.
  3922 | D:3      | Noticed Grinder
  3938 | D:3      | Killed Grinder
  4467 | D:2      | Killed Protee's ghost
  4537 | D:4      | Offered knowledge of Searing Ray by Vehumet.
  4661 | D:4      | Reached ** piety under Vehumet
  5141 | D:4      | Reached XP level 9. HP: 55/57 MP: 21/21
  5262 | D:5      | Noticed Dowan
  5264 | D:5      | Noticed Duvessa
  5290 | D:5      | Killed Dowan
  5473 | D:5      | Killed Duvessa
  5961 | D:5      | Offered knowledge of Dazzling Spray by Vehumet.
  6034 | D:5      | Noticed Pikel
  6055 | D:5      | Killed Pikel
  6488 | D:6      | Got a pair of dazzling boots
  6499 | D:6      | Identified the +1 pair of boots "Xerchat" {rElec Str+4} (You found it on level 6 of the Dungeon)
  6607 | D:6      | Reached skill level 10 in Spellcasting
  6614 | D:6      | Reached skill level 10 in Earth Magic
  6645 | D:6      | Reached *** piety under Vehumet
  7046 | D:7      | Reached XP level 10. HP: 62/63 MP: 22/24
  7213 | D:7      | Reached skill level 1 in Shields
  7420 | D:8      | Noticed Joseph
  7548 | D:8      | Killed Joseph
  7548 | D:8      | Offered knowledge of Inner Flame by Vehumet.
  7613 | D:8      | Noticed Maurice
  7613 | D:8      | Noticed a two-headed ogre
  7765 | D:8      | Killed a two-headed ogre
  7839 | D:8      | Killed Maurice
  8348 | D:9      | Noticed a two-headed ogre
  8354 | D:9      | Killed a two-headed ogre
  8378 | D:9      | Found a runed gate.
  8378 | D:9      | Found a runed gate.
  8379 | D:9      | Found a runed gate.
  8382 | D:9      | Noticed a white ugly thing
  8382 | D:9      | Noticed a green ugly thing
  8382 | D:9      | Noticed a green ugly thing
  8386 | D:9      | Noticed a green ugly thing
  8503 | D:9      | Reached **** piety under Vehumet
  8546 | D:9      | Found a hazy altar of Hepliaklqana.
  8701 | D:9      | Offered knowledge of Bolt of Magma by Vehumet.
  8734 | D:9      | Found a bloodstained altar of Trog.
  8841 | D:9      | Found Subagall's Assorted Antiques.
  8849 | D:9      | Bought a scroll labeled YRYQAZOI KAUR for 32 gold pieces
  8849 | D:9      | Bought a heavily runed brass ring for 160 gold pieces
  8850 | D:9      | Identified the ring "Murph" {MP+9 Slay+3 SInv} (You bought it in a shop on level 9 of the Dungeon)
  8853 | D:9      | Noticed a two-headed ogre
  8860 | D:9      | Killed a two-headed ogre
  8860 | D:9      | Reached XP level 11. HP: 68/68 MP: 18/26
  9191 | D:9      | Noticed a brown ugly thing
  9191 | D:9      | Noticed a purple ugly thing
  9210 | D:9      | Killed a cyan ugly thing
  9211 | D:9      | Killed a purple ugly thing
  9218 | D:9      | Killed a white ugly thing
  9218 | D:9      | Killed a white ugly thing
  9219 | D:9      | Killed a purple ugly thing
  9220 | D:9      | Killed a white ugly thing
  9262 | D:9      | Found a runed gate.
  9262 | D:9      | Found a runed gate.
  9266 | D:9      | Found a runed gate.
  9267 | D:9      | Noticed Bnni's ghost (novice FoFi)
  9280 | D:9      | Noticed a harpy
  9283 | D:9      | Reached skill level 1 in Fighting
  9284 | D:9      | Killed a harpy
  9342 | D:9      | Killed Bnni's ghost
  9563 | D:10     | Entered Level 10 of the Dungeon
  9570 | D:10     | Reached ***** piety under Vehumet
  9762 | D:10     | Offered knowledge of Olgreb's Toxic Radiance by Vehumet.
 10575 | D:10     | Reached XP level 12. HP: 82/82 MP: 26/28
 10763 | D:10     | Found a staircase to the Orcish Mines.
 10999 | D:11     | Found a staircase to the Lair.
 11066 | D:11     | Noticed a two-headed ogre
 11082 | D:11     | Killed a two-headed ogre
 11113 | D:11     | Noticed a two-headed ogre
 11118 | D:11     | Noticed a centaur warrior
 11125 | D:11     | Killed a centaur warrior
 11126 | D:11     | Killed a two-headed ogre
 11277 | D:11     | Found a frozen archway.
 11352 | IceCv    | Entered an ice cave
 11379 | IceCv    | Got a warped hat
 11407 | IceCv    | Identified the cursed +0 hat "Cemu" {rElec rC+ Dex+2 SInv} (You found it in an ice cave)
 12123 | Orc:1    | Entered Level 1 of the Orcish Mines
 12128 | Orc:1    | Offered knowledge of Venom Bolt by Vehumet.
 12136 | Orc:1    | Noticed an orc high priest
 12149 | Orc:1    | Killed an orc high priest
 12255 | Orc:2    | Entered Level 2 of the Orcish Mines
 12255 | Orc:2    | Found a staircase to the Elven Halls.
 12282 | Orc:1    | Noticed a two-headed ogre
 12291 | Orc:1    | Killed a two-headed ogre
 12311 | Orc:1    | Gained mutation: You are in touch with the powers of death. [Mummy growth]
 12311 | Orc:1    | Reached XP level 13. HP: 82/88 MP: 7/31
 12518 | Orc:1    | Noticed a stone giant
 12579 | Orc:1    | Killed a stone giant
 12706 | Orc:1    | Noticed Erolcha
 12710 | Orc:1    | Killed Erolcha
 12710 | Orc:1    | Noticed Snorg
 12714 | Orc:1    | Killed Snorg
 12801 | Orc:1    | Noticed Nergalle
 12820 | Orc:1    | Killed Nergalle
 13035 | Orc:1    | Found a runed door.
 13035 | Orc:1    | Noticed inc's ghost (journeyman FoFi)
 13179 | Orc:1    | Killed inc's ghost
 13356 | Orc:1    | Found Dukhlaf's Book Shoppe.
 13362 | Orc:1    | Noticed an orc warlord
 13518 | Orc:2    | Reached skill level 1 in Evocations
 13937 | Orc:2    | Offered knowledge of Fireball by Vehumet.
 14436 | Orc:2    | Found Jinim's Antique Armour Emporium.
 14436 | Orc:2    | Found Vyseiji's Book Shop.
 14480 | Orc:2    | Found a roughly hewn altar of Beogh.
 14843 | Orc:2    | Noticed an ettin
 14964 | Orc:2    | Killed an ettin
 15281 | Orc:2    | Found a roughly hewn altar of Beogh.
 15340 | Orc:2    | Noticed an orc warlord
 15980 | Orc:2    | Reached skill level 15 in Earth Magic
 16026 | Orc:2    | Found Daceget's Weapon Emporium.
 16026 | Orc:2    | Found Nuicolacw's Distillery.
 16096 | Orc:2    | Found a runed door.
 16096 | Orc:2    | Noticed Kuinu's ghost (journeyman DrFE)
 16548 | Orc:1    | Killed an orc warlord
 16548 | Orc:1    | Reached skill level 15 in Spellcasting
 16642 | Orc:1    | Found Zeri's Armour Boutique.
 16656 | Orc:1    | Bought the +3 warlock's mirror {reflect} for 640 gold pieces
 16656 | Orc:1    | Found the +3 warlock's mirror {reflect}
 16702 | Orc:1    | Shot with a bolt by an orc warlord

Vault maps used:
D:1:      co_arrival_square_in_a_square_in_a_square, minmay_pentomino_r4
D:2:      serial_forest, infiniplex_forest_clump_double,
          infiniplex_forest_diagonal, infiniplex_forest_lined_room_2,
          infiniplex_forest_corner_1, infiniplex_forest_zigzag_2
D:3:      first_ration, gammafunk_ghost_nasty_kobolds, uniq_grinder
D:4:      grunt_tough_drop, uniq_sigmund
D:5:      nicolae_zen_rock_garden, uniq_duvessa, uniq_pikel
D:6:      minmay_item_behind_shaft
D:7:      minmay_temple_entry_statues_fountains
D:8:      uniq_maurice, uniq_joseph
D:9:      kennysheep_mini_moat, ploomutoo_gammafunk_ghost_potion_laboratory,
          the_bakery, minmay_shop_grid_forest, trog_hazing_becter
D:10:     erik_orc_1
D:11:     lemuel_upstairs_altar, dpeg_oklobed_lair,
          portal_ice_cave_entry_ice_beasts, nrook_uturn
Temple:   minmay_crystal_snake_temple
Orc:1:    gammafunk_ghost_grave, serial_shops, nicolae_shop_stone,
          nicolae_shop_competitors_out_of_business, uniq_nergalle, uniq_snorg,
          uniq_erolcha
Orc:2:    st_orc_town, basic_altar, ebering_ghost_reflecting_pool
IceCv:    ice_cave_statue_garden_chambered

Skill      XL: |  1  2  3  4  5  6  7  8  9 10 11 12 13 |
---------------+----------------------------------------+-----
Spellcasting   | 3 4 5 6 8 10 11 12 14 15 | 15.0
Earth Magic    | 3 4 5 6 8 10 11 12 14 15 | 15.0
Shields        | 3 4 |  4.0
Fighting       | 3 4 |  4.0
Dodging        | 4 |  4.0
Evocations     | 3 |  3.2
Stealth        | |  1.5
Transmutations | |  0.7

Action                   |  1- 3 |  4- 6 |  7- 9 | 10-12 | 13-15 || total
-------------------------+-------+-------+-------+-------+-------++-------
Melee: Hand axe          |    31 |       |       |       |       ||    31
       Short sword       |       |       |   188 |   235 |   281 ||   704
       Staff             |       |       |     3 |       |       ||     3
 Fire: Hunting sling     |    18 |    32 |   119 |       |       ||   169
 Cast: Sandblast         |     3 |    32 |    69 |    57 |     8 ||   169
       Passwall          |       |       |     3 |     1 |     9 ||    13
       Stone Arrow       |       |       |    10 |       |     7 ||    17
       Lee's Rapid Decon |       |       |    22 |   176 |   131 ||   329
       Petrify           |       |       |       |     8 |    53 ||    61
Evoke: Wand              |       |       |       |     6 |    11 ||    17
       Sack of spiders   |       |       |       |       |     2 ||     2
       Phantom mirror    |       |       |       |       |     1 ||     1
  Use: Scroll            |     2 |       |    11 |     7 |     5 ||    25
 Stab: Sleeping          |       |       |     2 |     3 |       ||     5
       Petrified         |       |       |       |    11 |    76 ||    87
       Paralysed         |       |       |       |     2 |    16 ||    18
       Petrifying        |       |       |       |       |     2 ||     2
Armor: Leather armour    |    13 |     5 |    61 |    47 |       ||   126
       Robe              |       |       |       |    30 |    40 ||    70
Dodge: Dodged            |    13 |    17 |   157 |   170 |   159 ||   516
Block: Large shield      |    28 |       |       |       |       ||    28
       Buckler           |       |       |       |   100 |    86 ||   186
       Reflection        |       |       |       |       |     1 ||     1

Table legend:
 A = Spawn XP
 B = Non-spawn XP
 C = Spawn XP percentage of total XP
 D = Spawn monster count
 E = Non-spawn monster count
 F = Spawn count percentage of total count
 G = Total turns spent on level
                    A         B        C        D         E        F      G
               +---------+---------+-------+---------+---------+-------+---------
         Total |       0 |   59114 |   0.0 |       0 |     518 |   0.0 | 16702
               +---------+---------+-------+---------+---------+-------+---------
           D:1 |       0 |      26 |   0.0 |       0 |      12 |   0.0 |  1093
           D:2 |       0 |     344 |   0.0 |       0 |      23 |   0.0 |  1068
           D:3 |       0 |     701 |   0.0 |       0 |      33 |   0.0 |  1189
           D:4 |       0 |     918 |   0.0 |       0 |      27 |   0.0 |  1305
           D:5 |       0 |    1657 |   0.0 |       0 |      28 |   0.0 |  1167
           D:6 |       0 |    1042 |   0.0 |       0 |      16 |   0.0 |   517
           D:7 |       0 |    1152 |   0.0 |       0 |      21 |   0.0 |   931
           D:8 |       0 |    3155 |   0.0 |       0 |      28 |   0.0 |   960
           D:9 |       0 |    9046 |   0.0 |       0 |      46 |   0.0 |  1362
          D:10 |       0 |    5224 |   0.0 |       0 |      52 |   0.0 |  1471
          D:11 |       0 |    7432 |   0.0 |       0 |      49 |   0.0 |   859
         Orc:1 |       0 |   14064 |   0.0 |       0 |      74 |   0.0 |  2245
         Orc:2 |       0 |   11228 |   0.0 |       0 |      98 |   0.0 |  2113
         IceCv |       0 |    3125 |   0.0 |       0 |      11 |   0.0 |   327
               +---------+---------+-------+---------+---------+-------+---------
